 Dungeon Crawl Stone Soup version 0.30-a0-857-gcaf70739d4 (webtiles) character file.

Game seed: 1069945854336198560

76750 oldriver the Severer (level 16, 0/151 HPs)
             Began as a Meteoran Fighter on Mar 5, 2023.
             Was an Elder of Nemelex Xobeh.
             Slain by a ghost moth (17 damage)
             ... on level 4 of the Spider Nest.
             The game lasted 01:06:34 (9572 turns).

oldriver the Severer (Meteoran Fighter)             Turns: 9572, Time: 01:06:34

Health: 0/151      AC: 18    Str: 24    XL:     16   Next: 49%
Magic:  0/27       EV: 16    Int: 12    God:    Nemelex Xobeh [****..]
Gold:   854        SH:  6    Dex: 14    Spells: 15/15 levels left

rFire   + . .      SeeInvis .    Y - +6 war axe (heavy)
rCold   + . .      Faith    .    l - +1 buckler of the Known World {rPois}
rNeg    + . .      Spirit   +    t - +4 ring mail of Aquzxoma {rElec rC+}
rPois   +          Reflect  .    i - +0 helmet
rElec   +          Rampage  .    (no cloak)
rCorr   .                        k - +1 pair of gloves
Will    ++...                    j - +0 pair of boots
Stlth   +                        V - amulet of guardian spirit
HPRegen 0.45/turn                m - ring of positive energy
MPRegen 0.20/turn                H - ring of protection from fire

@: mighty, lethally poisoned (0 -> -14), glowing, studying Summonings
A: sense surroundings 2, otherworldly, glowing, explore regen
a: Renounce Religion, Draw Escape, Draw Destruction, Draw Summoning, Draw Stack,
Triple Draw, Deal Four


You were on level 4 of the Spider Nest.
You worshipped Nemelex Xobeh.
Nemelex Xobeh was greatly pleased with you.
You visited 4 branches of the dungeon, and saw 19 of its levels.
You also visited: Sewer, Ossuary and Volcano.

You collected 1280 gold pieces.
You spent 426 gold pieces at shops.

Inventory:

Hand Weapons
 a - a +2 war axe of venom
 b - a -1 heavy demon whip
 U - a +0 broad axe of flaming
 Y - a +6 heavy war axe (weapon)
Missiles
 u - 2 throwing nets (quivered)
 w - 17 poisoned darts
 I - 2 silver javelins
Armour
 d - +0 fire dragon scales
 i - a +0 helmet (worn)
 j - a +0 pair of boots (worn)
 k - a +1 pair of gloves (worn)
 l - the +1 buckler of the Known World (worn) {rPois}
   (You bought it in a shop on level 4 of the Dungeon)

   rPois:     It protects you from poison.
 t - the +4 ring mail of Aquzxoma (worn) {rElec rC+}
   (You found it on level 6 of the Dungeon)

   rC:        It protects you from cold.
   rElec:     It insulates you from electricity.
Jewellery
 c - a ring of flight
 e - a ring of poison resistance
 m - a ring of positive energy (left hand)
 o - an amulet of magic regeneration
 H - a ring of protection from fire (right hand)
 K - a +6 ring of dexterity
 V - an amulet of guardian spirit (around neck)
Wands
 v - a wand of flame (27)
 P - a wand of roots (2)
 R - a wand of acid (3)
 W - a wand of digging (7)
Scrolls
 f - a scroll of amnesia
 g - a scroll of blinking
 n - 4 scrolls of immolation
 s - 3 scrolls of magic mapping
 y - 4 scrolls of poison
 z - 6 scrolls of teleportation
 A - 2 scrolls of vulnerability
 B - 2 scrolls of fear
 L - 6 scrolls of fog
 O - 5 scrolls of identify
 Q - a scroll of brand weapon
Potions
 h - 2 potions of haste
 r - 2 potions of curing
 x - 2 potions of mutation
 E - 5 potions of lignification
 F - 2 potions of heal wounds
 G - 3 potions of magic
 N - 4 potions of might
 T - a potion of cancellation
 X - a potion of brilliance
Miscellaneous
 Z - a phial of floods (inert)


   Skills:
 + Level 16.2 Fighting
 - Level 16.5 Axes
 + Level 14.3 Armour
 + Level 12.3 Dodging
 - Level 4.0 Shields
 + Level 13.4 Invocations


You had 15 spell levels left.
You didn't know any spells.
Your spell library contained the following spells:

 Spells                   Type           Power      Damage    Failure   Level
 Beastly Appendage        Tmut           0%         N/A       52%         1
 Magic Dart               Conj           0%         1d3       52%         1
 Slow                     Hex            0%         N/A       52%         1
 Blink                    Tloc           0%         N/A       65%         2
 Ensorcelled Hibernation  Hex/Ice        0%         N/A       65%         2
 Lesser Beckoning         Tloc           0%         N/A       65%         2
 Momentum Strike          Conj/Tloc      0%         3d8       65%         2
 Passwall                 Tmut/Erth      0%         N/A       65%         2
 Scorch                   Fire           0%         2d5       65%         2
 Searing Ray              Conj           0%         2d4       65%         2
 Static Discharge         Conj/Air       0%         2-2/arc   65%         2
 Wereblood                Tmut           0%         N/A       65%         2
 Confusing Touch          Hex            0%         N/A       87%         3
 Ozocubu's Armour         Ice            0%         N/A       87%         3
 Spider Form              Tmut/Pois      0%         N/A       87%         3
 Swiftness                Air            0%         N/A       87%         3
 Vampiric Draining        Necr           0%         2d6       87%         3
 Vhi's Electric Charge    Tloc/Air       0%         N/A       87%         3
 Anguish                  Hex/Necr       0%         N/A       99%         4
 Flame Wave               Conj/Fire      0%         2d4       99%         4
 Fulminant Prism          Conj/Hex       0%         3d5       99%         4
 Manifold Assault         Tloc           0%         N/A       99%         4
 Arcjolt                  Conj/Air       0%         1d10      100%        5
 Iskenderun's Battlesphe  Conj           0%         2d6       100%        5
 Lightning Bolt           Conj/Air       0%         1d11      100%        5
 Metabolic Englaciation   Hex/Ice        0%         N/A       100%        5
 Summon Forest            Summ/Tloc      0%         N/A       100%        5
 Summon Mana Viper        Hex/Summ       0%         N/A       100%        5
 Iron Shot                Conj/Erth      0%         9d1       100%        6
 Simulacrum               Ice/Necr       0%         N/A       100%        6
 Summon Cactus Giant      Summ           0%         N/A       100%        6
 Spellforged Servitor     Conj/Summ      0%         N/A       100%        7
 Storm Form               Tmut/Air       0%         N/A       100%        7
 Maxwell's Capacitive Co  Air            0%         ∞         100%        8


Dungeon Overview and Level Annotations

Branches:
Dungeon (9/15) Zot: 354    Temple (1/1) D:6 Zot: 543    Lair (5/5) D:9 Zot: 670
  Swamp (0/4) Lair:2       Spider (4/4) Lair:2 Zot: 1212   Sewer (visited)
Ossuary (visited)         Volcano (visited)
  Slime: Lair:4-5       Orc: D:9-12

Altars:
Ashenzari
Cheibriados
Dithmenos
Elyvilon
Fedhas
Gozag
Hepliaklqana
Kikubaaqudgha
Makhleb
Nemelex Xobeh
Qazlal
Ru
Sif Muna
Trog
Uskayaw
Vehumet
Wu Jian
Xom
Yredelemnul
Zin
The Shining One

Shops:
D:4 [   D:9 ?*

Annotations:
D:5 2 transporters
D:9 3 runed translucent doors, Airmonger's ghost, novice TrFi
Lair:5 1 runed translucent door, exclusion: 2 oklob plants, demibob's ghost, journeyman DsWn
Spider:3 Bai Suzhen
Spider:4 Arachne


Innate Abilities, Weirdness & Mutations

You passively map the area around you.
You are easily found by Zot.
You glow in the dark.
You regain HP and MP as you explore.


Message History

You are more poisoned.
You feel yourself slow down. The killer bee barely misses you.
Arachne closely misses you.
You slash Arachne!
Arachne is severely wounded.
You barely miss the jorogumo. You slash the killer bee!
You feel extremely sick.
Arachne is no longer waterlogged.
The killer bee misses you.
Your +0 long sword closely misses the jorogumo.
You feel you are being watched by something.
You feel your power leaking away.
The killer bee stings you but does no damage.
You block Arachne's attack. You block the jorogumo's attack.
Your +0 long sword hits the jorogumo!!
Arachne stares at you and mumbles some strange words.
The poison arrow hits you!
You are more poisoned.
You partially resist.
* * * LOW HITPOINT WARNING * * *
Your +0 long sword hits the jorogumo!
The jorogumo hits you!!
* * * LOW HITPOINT WARNING * * *
Okay, then.
Okay, then.
As you read the scroll of fear, it crumbles to dust.
You assume a fearsome visage.
The steelbarb worm looks frightened!
The killer bee looks frightened! x2; The steelbarb worm looks frightened!
Arachne looks frightened!
The jorogumo looks frightened!
You feel yourself speed up.
* * * LOW HITPOINT WARNING * * *
You feel extremely sick.
Arachne casts a spell.
Arachne blinks!
Your +0 long sword hits the jorogumo!
You feel you are being watched by something.
Arachne mumbles some strange words.
Arachne blinks!
Your +0 long sword hits the jorogumo!
The jorogumo dies!
You feel you are being watched by something.
Something hits you!
You die...
Your body glows slightly brighter and disappears.

, ,, , *** * ,
.[...#. ,
,.......## *
*#..)..<.. * * *
.....y##
*,.§....# ###
*#....#...## *
### #§)).....#
###.#
###@.w....#* ,,
#...###.{.(......
* , ,
##...#...........
,, , *
#^.....#.....y.w
^~ ^ ,*^
#...<...........
, * ,
##..†....##.....,
, , *
.......#^.#,..#..
, ........#.###
..... ^,
,,#......##.. ,..
, ,


You could see 2 steelbarb worms, 2 killer bees and a friendly +0 long sword
(summoned).

Vanquished Creatures
  Agnes (Spider:4)
  A spark wasp (Spider:1)
  A fire dragon (Volcano)
  An entropy weaver (Lair:5)
  A merfolk avatar (Lair:5)
  4 hydras
  2 radroaches
  A boulder beetle (Lair:5)
  2 two-headed ogres
  7 death yaks
  10 pharaoh ants
  A skyshark (Lair:5)
  A deep troll (Lair:5)
  6 orb spiders
  4 lindwurms
  5 wolf spiders
  A deep elf pyromancer (D:9)
  A cyclops (D:6)
  2 moths of wrath
  6 elephants (Lair:5)
  3 demonic crawlers
  2 black mambas
  2 torpor snails
  17 cane toads
  2 smoke demons (Volcano)
  An unseen horror (Lair:5)
  Maggie (Lair:2)
  8 komodo dragons
  6 rime drakes
  A yaktaur (Spider:2)
  2 meliai (Spider:4)
  A hornet (D:9)
  Grinder (D:6)
  Prince Ribbit (D:8)
  6 blink frogs
  2 wind drakes (Lair:5)
  4 polar bears
  7 tarantellas
  A snapping turtle (Lair:5)
  16 jumping spiders
  7 culicivoras
  Sigmund (D:2)
  4 wyverns
  4 steam dragons (Volcano)
  22 yaks
  A basilisk (Lair:3)
  25 redbacks
  Edmund (D:6)
  5 hell hounds
  2 acid dragons
  11 water moccasins
  Duvessa (D:4)
  2 black bears
  2 sky beasts
  4 orc warriors
  6 ice beasts
  27 wolves
  4 centaurs
  2 phantoms (D:5)
  An elf zombie (Ossuary)
  Blork the orc (D:6)
  5 kobold brigands
  A gnoll sergeant (D:8)
  13 bullfrogs
  6 scorpions
  6 wights
  Dowan (D:4)
  8 killer bees
  4 electric eels
  3 howler monkeys
  A human zombie (Ossuary)
  7 orc priests
  2 gnoll boudas (D:6)
  2 jellies
  2 hounds (D:5)
  5 sleepcaps
  4 iguanas
  7 orc wizards
  5 hell rats (Lair:5)
  Ijyb (D:4)
  4 mummies (Ossuary)
  Robin (D:3)
  18 gnolls
  2 river rats
  21 adders
  2 white imps
  An ufetubus (D:4)
  3 adder zombies (Ossuary)
  An adder skeleton (D:3)
  7 worms
  2 dart slugs
  34 orcs
  12 endoplasms
  3 giant cockroaches
  2 gnoll zombies (Ossuary)
  22 goblins
  9 hobgoblins
  2 jackals (D:4)
  15 kobolds
  8 quokkas
  11 ball pythons
  3 bats
  3 frilled lizards
  A giant cockroach zombie (D:3)
  3 goblin zombies (Ossuary)
  A hobgoblin zombie (Ossuary)
  An orc zombie (Ossuary)
  11 rats
561 creatures vanquished.

Vanquished Creatures (collateral kills)
  A bunyip (Spider:2)
  An entropy weaver (Spider:2)
  A radroach (Spider:2)
  A jorogumo (Spider:4)
  Urug (Lair:5)
  A skyshark (Lair:3)
  An orb spider (Spider:3)
  3 wolf spiders
  A rime drake (Lair:5)
  A rime drake (shapeshifter) (Lair:2)
  A demonic crawler (Spider:3)
  A komodo dragon (Lair:5)
  A polar bear (Lair:5)
  A tarantella (Lair:2)
  A hellwing (Lair:2)
  A tarantella (shapeshifter) (Lair:5)
  6 blink frogs (Lair:5)
  3 culicivoras
  A jumping spider (Spider:2)
  An acid dragon (shapeshifter) (Spider:2)
  A wolf (Lair:2)
30 creatures vanquished.

Vanquished Creatures (others)
  A black mamba (Lair:5)
  A redback (Spider:2)
  30 fungi
  49 plants
81 creatures vanquished.

Grand Total: 672 creatures vanquished

Notes
Turn   | Place    | Note
-------+----------+-------------------------------------------
     0 | D:1      | oldriver the Meteoran Fighter began the quest for the Orb.
     0 | D:1      | Reached XP level 1. HP: 19/19 MP: 2/2
    55 | D:1      | Reached XP level 2. HP: 26/26 MP: 3/3
   161 | D:1      | Found a faded altar of an unknown god.
   218 | D:2      | Reached XP level 3. HP: 27/31 MP: 4/4
   469 | D:2      | Reached XP level 4. HP: 40/40 MP: 5/5
   625 | D:2      | Noticed Sigmund
   634 | D:2      | Killed Sigmund
   635 | D:2      | Reached XP level 5. HP: 42/47 MP: 6/6
   635 | D:2      | Reached XP level 6. HP: 49/55 MP: 7/7
   786 | D:3      | Reached skill level 5 in Fighting
   814 | D:3      | Found a white marble altar of Elyvilon.
   814 | D:3      | Found a glowing silver altar of Zin.
   814 | D:3      | Found a glowing golden altar of the Shining One.
   998 | D:3      | Found a hazy altar of Hepliaklqana.
  1050 | D:4      | Noticed Ijyb
  1061 | D:4      | Killed Ijyb
  1066 | D:4      | Reached XP level 7. HP: 61/61 MP: 8/8
  1077 | D:4      | Noticed Duvessa
  1077 | D:4      | Noticed Dowan
  1104 | D:4      | Killed Dowan
  1117 | D:4      | Killed Duvessa
  1137 | D:4      | Found Parytt's Antique Armour Emporium.
  1181 | D:4      | Found a sacrificial altar of Ru.
  1253 | D:4      | Found a glowing drain.
  1258 | Sewer    | Entered a sewer
  1356 | Sewer    | Reached XP level 8. HP: 64/70 MP: 9/9
  1644 | Sewer    | Glimpsed the power of Zot.
  1688 | Sewer    | Glimpsed the power of Zot.
  1967 | D:3      | Noticed Robin
  1981 | D:3      | Killed Robin
  2430 | D:4      | Bought an encrusted buckler for 199 gold pieces
  2430 | D:4      | Identified the +1 buckler of the Known World {rPois} (You
                  | bought it in a shop on level 4 of the Dungeon)
  2489 | D:5      | Entered Level 5 of the Dungeon
  2503 | D:5      | Found a basalt altar of Yredelemnul.
  2503 | D:5      | Noticed a two-headed ogre
  2503 | D:5      | Noticed a hornet
  2505 | D:5      | Reached skill level 1 in Dodging
  2514 | D:5      | Gained mutation: You passively map the area around you.
                  | [Meteoran growth]
  2514 | D:5      | Reached XP level 9. HP: 75/78 MP: 10/10
  2563 | D:5      | Reached skill level 10 in Axes
  2759 | D:5      | Found a snail-covered altar of Cheibriados.
  2854 | D:5      | Found a transporter.
  2855 | D:5      | Found a transporter.
  2925 | D:6      | Noticed Grinder
  3050 | D:6      | Paralysed by Grinder for 3 turns
  3055 | D:6      | Paralysed by Grinder for 3 turns
  3065 | D:6      | Killed Grinder
  3150 | D:6      | Noticed a cyclops
  3225 | D:6      | Reached XP level 10. HP: 68/89 MP: 11/11
  3257 | D:6      | Identified the +4 ring mail of Aquzxoma {rElec rC+}
  3283 | D:6      | Killed a cyclops
  3378 | D:6      | Noticed Blork the orc
  3391 | D:6      | Killed Blork the orc
  3474 | D:6      | Noticed Edmund
  3487 | D:6      | Killed Edmund
  3538 | D:6      | Found a staircase to the Ecumenical Temple.
  3547 | Temple   | Entered the Ecumenical Temple
  3594 | Temple   | Became a worshipper of Nemelex Xobeh the Trickster
  4059 | D:8      | Found a sand-covered staircase.
  4065 | Ossuary  | Entered an ossuary
  4092 | Ossuary  | Reached * piety under Nemelex Xobeh
  4328 | D:8      | Received a gift from Nemelex Xobeh
  4330 | D:8      | Noticed Prince Ribbit
  4348 | D:8      | Killed Prince Ribbit
  4687 | D:8      | Reached skill level 5 in Armour
  4692 | D:8      | Reached XP level 11. HP: 82/97 MP: 12/12
  4752 | D:8      | Noticed a two-headed ogre
  4762 | D:8      | Killed a two-headed ogre
  4803 | D:8      | Reached ** piety under Nemelex Xobeh
  4831 | D:8      | Reached skill level 1 in Invocations
  4983 | D:8      | Found a blossoming altar of Fedhas.
  5100 | D:9      | Noticed a deep elf pyromancer
  5112 | D:9      | Killed a deep elf pyromancer
  5113 | D:9      | Reached skill level 10 in Fighting
  5118 | D:9      | Received a gift from Nemelex Xobeh
  5132 | D:9      | Found a runed translucent gate.
  5133 | D:9      | Found a runed translucent gate.
  5133 | D:9      | Noticed Airmonger's ghost (novice TrFi)
  5134 | D:9      | Found a runed translucent gate.
  5136 | D:9      | Identified the +2 plate armour "Ottyuwih" {rN++ Will- Dex-4
                  | SInv}
  5185 | D:9      | Found Cefiloasm's Lightly-Used Armoury.
  5228 | D:9      | Bought a -1 demon whip for 110 gold pieces
  5230 | D:9      | Found a shimmering altar of Xom.
  5288 | D:9      | Found a staircase to the Lair.
  5295 | D:9      | Noticed a two-headed ogre
  5305 | D:9      | Killed a two-headed ogre
  5306 | D:9      | Reached skill level 15 in Axes
  5328 | D:9      | Found a shadowy altar of Dithmenos.
  5352 | D:9      | Reached *** piety under Nemelex Xobeh
  5376 | D:9      | Received a gift from Nemelex Xobeh
  5392 | D:9      | Found Soug's Magic Scroll Boutique.
  5472 | D:9      | Bought a scroll of identify for 26 gold pieces
  5472 | D:9      | Bought a scroll of identify for 26 gold pieces
  5472 | D:9      | Bought a scroll of teleportation for 39 gold pieces
  5472 | D:9      | Bought a scroll of identify for 26 gold pieces
  5729 | Lair:1   | Entered Level 1 of the Lair of Beasts
  5803 | Lair:1   | Reached XP level 12. HP: 108/108 MP: 16/16
  5903 | Lair:1   | Got Wuwem's Compilation of the Postmortem Atmosphere
  5946 | Lair:1   | Received a gift from Nemelex Xobeh
  6017 | Lair:1   | Reached skill level 5 in Invocations
  6061 | Lair:1   | Reached skill level 5 in Dodging
  6073 | Lair:1   | Noticed a six-headed hydra
  6083 | Lair:1   | Killed a six-headed hydra
  6097 | Lair:1   | Noticed a lindwurm
  6111 | Lair:1   | Killed a lindwurm
  6197 | Lair:1   | Reached **** piety under Nemelex Xobeh
  6263 | Lair:1   | Glimpsed the power of Zot.
  6275 | Lair:2   | Noticed Amaemon
  6277 | Lair:2   | Amaemon changed into Amaemon the shapeshifter
  6277 | Lair:2   | Noticed Amaemon
  6278 | Lair:2   | Amaemon the shapeshifter changed into Amaemon the rime
                  | drake
  6278 | Lair:2   | Noticed Amaemon (shapeshifter)
  6284 | Lair:2   | Killed Amaemon the rime drake
  6321 | Lair:2   | Reached XP level 13. HP: 66/116 MP: 17/19
  6370 | Lair:2   | Noticed Maggie
  6372 | Lair:2   | Killed Maggie
  6389 | Lair:2   | Found a staircase to the Swamp.
  6504 | Lair:2   | Found a hole to the Spider Nest.
  6540 | Lair:2   | Noticed a seven-headed hydra
  6555 | Lair:2   | Killed a seven-headed hydra
  6556 | Lair:2   | Reached skill level 10 in Armour
  6574 | Lair:2   | Received a gift from Nemelex Xobeh
  6864 | Lair:3   | Reached ***** piety under Nemelex Xobeh
  7031 | Lair:4   | Noticed a death yak
  7031 | Lair:4   | Noticed a death yak
  7031 | Lair:4   | Noticed a death yak
  7032 | Lair:4   | Noticed a death yak
  7032 | Lair:4   | Noticed a death yak
  7035 | Lair:4   | Killed a death yak
  7035 | Lair:4   | Killed a death yak
  7035 | Lair:4   | Killed a death yak
  7035 | Lair:4   | Killed a death yak
  7035 | Lair:4   | Killed a death yak
  7036 | Lair:4   | Reached skill level 10 in Invocations
  7036 | Lair:4   | Reached XP level 14. HP: 125/125 MP: 22/22
  7068 | Lair:4   | Received a gift from Nemelex Xobeh
  7206 | Lair:4   | Received a gift from Nemelex Xobeh
  7453 | Lair:5   | Entered Level 5 of the Lair of Beasts
  7477 | Lair:5   | Found a dark tunnel.
  7494 | Lair:5   | Reached skill level 10 in Dodging
  7519 | Volcano  | Entered a volcano
  7586 | Volcano  | Received a gift from Nemelex Xobeh
  7635 | Volcano  | Noticed a fire dragon
  7652 | Volcano  | Killed a fire dragon
  7934 | Lair:5   | Reached XP level 15. HP: 69/139 MP: 14/24
  7935 | Lair:5   | Reached skill level 15 in Fighting
  7945 | Lair:5   | Noticed Urug
  7951 | Lair:5   | Killed Urug
  8079 | Lair:5   | Found a runed translucent door.
  8080 | Lair:5   | Noticed demibob's ghost (journeyman DsWn)
  8191 | Lair:5   | Received a gift from Nemelex Xobeh
  8400 | Spider:1 | Entered Level 1 of the Spider Nest
  8572 | Spider:1 | Received a gift from Nemelex Xobeh
  8927 | Spider:2 | Noticed a broodmother
  8928 | Spider:2 | a broodmother changed into a radroach
  8944 | Spider:2 | Reached XP level 16. HP: 116/151 MP: 20/26
  9328 | Spider:4 | Entered Level 4 of the Spider Nest
  9372 | Spider:3 | Received a gift from Nemelex Xobeh
  9450 | Spider:3 | Noticed Bai Suzhen
  9561 | Spider:4 | Noticed Arachne
  9561 | Spider:4 | Noticed Agnes
  9564 | Spider:4 | Killed Agnes
  9568 | Spider:4 | Paralysed by a jorogumo for 2 turns
  9572 | Spider:4 | Slain by a ghost moth

Illustrated notes

Levels and vault maps discovered:
D:1:      roderic_crop_circles_arrival_small, layout_basic,
          hellmonk_ecumenical_altar_blasted
D:2:      layout_rooms, uniq_sigmund
D:3:      layout_loops_ring, good_gods_mini_temple, mainiacjoe_overflow_paths,
          serial_undead, serial_undead_f, serial_undead_f, serial_undead_d,
          serial_undead_d, nicolae_titane, uniq_robin
D:4:      layout_basic, nicolae_ru_awakened_eye, lightli_sewer_entry_pipes,
          serial_shops, shop, serial_bayou_pond_b, uniq_duvessa, uniq_ijyb
D:5:      layout_basic, gammafunk_temple_overflow_arena, cheibriados_altar_1
D:6:      minmay_clustersquares, layout_layer_cave,
          mainiacjoe_overflow_alcove_2, minmay_temple_entry_antechambers,
          minmay_manual_monstrance, uniq_grinder, uniq_blork_the_orc,
          uniq_edmund
D:7:      layout_basic
D:8:      layout_layer_cave, lemuel_tele_altar,
          lightli_ossuary_entry_decrepit_ruins, wad_dig_loot,
          uniq_prince_ribbit1
D:9:      layout_small_grid, mainiacjoe_overflow_concentric_impassable,
          overflow_temple_1_default, hellmonk_lair_entry_icy, serial_shops,
          nicolae_inconvenience_store, biasface_ghost_orc_armoury,
          minmay_shop_damaged, serial_bayou_lake_a
Temple:   hellmonk_temple_of_storms
Lair:1:   layout_regular_city, nzn_random_ring
Lair:2:   layout_cave_pods, minmay_swamp_entry_eels,
          nicolae_spider_entry_lesser_pyramids, serial_bayou_ford_a,
          uniq_maggie, uniq_amaemon
Lair:3:   layout_small_grid, pond
Lair:4:   lemuel_slime, layout_long_grid
Lair:5:   gammafunk_lair_ancient_temple, layout_regular_city,
          minmay_slime_entry_oklob_open, ebering_ghost_inner_flame,
          enter_volcano_3, uniq_urug
Spider:1: layout_cave_pods
Spider:2: layout_spider_delve
Spider:3: layout_spider_delve, nicolae_spider_not_touching_you, uniq_bai_suzhen
Spider:4: grunt_spider_rune_parallel, special_room [special_room_bee],
          nicolae_spider_wall_of_niches, uniq_arachne, uniq_agnes

Skill      XL: |  1  2  3  4  5  6  7  8  9 10 11 12 13 14 15 16 |
---------------+-------------------------------------------------+-----
Axes           | 3 4 6 8 9 12 13 15 16 | 16.5
Fighting       | 4 5 6 8 9 10 11 14 16 | 16.2
Dodging        | 1 2 3 4 6 9 10 11 12 | 12.3
Armour         | 4 5 7 9 11 12 13 14 | 14.3
Shields        | 4 |  4.0
Invocations    | 4 6 10 11 12 13 | 13.4

Action                     |  1- 3 |  4- 6 |  7- 9 | 10-12 | 13-15 | 16-18 || total
---------------------------+-------+-------+-------+-------+-------+-------++-------
  Melee: War axe           |    67 |    72 |   332 |   437 |   546 |    84 ||  1538
         Demon whip        |       |       |       |    11 |    11 |       ||    22
         Broad axe         |       |       |       |       |     7 |     4 ||    11
 Invoke: Draw Destruction  |       |       |       |    11 |    21 |     2 ||    34
         Draw Summoning    |       |       |       |     2 |     6 |     4 ||    12
         Draw Escape       |       |       |       |       |     2 |       ||     2
         Draw Stack        |       |       |       |       |     3 |     1 ||     4
         Deal Four         |       |       |       |       |     4 |     2 ||     6
         Stack Five        |       |       |       |       |     1 |       ||     1
         Triple Draw       |       |       |       |       |       |     1 ||     1
  Evoke: Wand              |       |       |     5 |     8 |     7 |     3 ||    23
         Phial of floods   |       |       |       |       |       |     1 ||     1
    Use: Scroll            |     5 |     4 |     3 |     7 |     3 |     2 ||    24
         Potion            |       |     1 |     7 |     3 |     2 |     6 ||    19
   Stab: Paralysed         |       |       |    12 |       |       |       ||    12
 Armour: Scale mail        |    37 |    36 |     5 |       |       |       ||    78
         Leather armour    |       |       |   122 |       |       |       ||   122
         Ring mail         |       |       |       |   162 |   203 |    82 ||   447
         Fire dragon scale |       |       |       |       |    76 |       ||    76
  Dodge: Dodged            |    25 |    31 |   101 |   205 |   371 |    72 ||   805
  Block: Buckler           |    14 |    23 |    74 |   113 |   133 |    37 ||   394

Table legend: (Time is in decaauts)
 A = Elapsed time spent in this place.
 B = Non-inter-level travel time spent in this place.
 C = Inter-level travel time spent in this place.
 D = Time resting spent in this place.
 E = Time spent auto-exploring this place.
 F = Levels seen in this place.
 G = Mean time per level.
                   A        B        C        D        E       F      G
               +--------+--------+--------+--------+--------+-----+--------+
         Total |   9582 |   8724 |    858 |     83 |     99 |  22 |  435.5 |
       Dungeon |   5045 |   4507 |    538 |      0 |      0 |   9 |  560.6 |
        Temple |     56 |     34 |     22 |      0 |     24 |   1 |   56.0 |
          Lair |   2329 |   2132 |    197 |      0 |      0 |   5 |  465.8 |
   Spider Nest |   1185 |   1086 |     99 |     83 |      0 |   4 |  296.2 |
         Sewer |    557 |    557 |      0 |      0 |      0 |   1 |  557.0 |
       Ossuary |    181 |    181 |      0 |      0 |     22 |   1 |  181.0 |
       Volcano |    226 |    226 |      0 |      0 |     53 |   1 |  226.0 |
               +--------+--------+--------+--------+--------+-----+--------+

Top non-repeatable levels by time:
     D:6: 760 daAuts
     D:4: 750 daAuts
  Lair:5: 609 daAuts
     D:9: 607 daAuts
     D:3: 583 daAuts
   Sewer: 557 daAuts
     D:8: 539 daAuts
     D:5: 517 daAuts
  Lair:1: 509 daAuts
     D:7: 508 daAuts
  Lair:3: 474 daAuts
Spider:1: 454 daAuts
Spider:2: 443 daAuts
  Lair:2: 417 daAuts
     D:1: 400 daAuts
